 Dungeon Crawl Stone Soup version 0.27-a0-1374-gc14e5d3922 (webtiles) character file.

Game seed: 11728628559373470230

84 Ijustatesigmund the Ducker (level 4, -2/31 HPs)
             Began as an Octopode Fighter on June 29, 2021.
             Slain by an orc (7 damage)
             ... on level 4 of the Dungeon.
             The game lasted 00:02:52 (2106 turns).

Ijustatesigmund the Ducker (Octopode Fighter)       Turns: 2106, Time: 00:02:53

Health: -2/31      AC:  1    Str: 15    XL:     4   Next: 46%
Magic:  4/4        EV: 11    Int: 10    God:
Gold:   102        SH:  9    Dex: 12    Spells: 3/3 levels left

rFire    . . .     SeeInvis .   a - +1 war axe
rCold    . . .     Faith    .   b - +0 kite shield
rNeg     . . .     Spirit   .   (helmet restricted)
rPois    .         Reflect  .   (no amulet)
rElec    .         Harm     .   (no ring)
rCorr    .         Rampage  .   (no ring)
Will     .....                  (no ring)
Stlth    ++........             (no ring)
HPRegen  0.10/turn              (no ring)
MPRegen  0.09/turn              (no ring)
                                (no ring)
                                (no ring)

@: hasted, very quick
A: almost no armour, amphibious, 8 rings, camouflage 1, gelatinous body 1,
(nimble swimmer 1), tentacles
a: no special abilities


You were on level 4 of the Dungeon.
You visited 1 branch of the dungeon, and saw 4 of its levels.

You collected 102 gold pieces.

Inventory:

Hand Weapons
 a - a +1 war axe (weapon)
Armour
 b - a +0 kite shield (worn)
Scrolls
 d - a scroll of immolation
Potions
 c - a potion of might
 e - a potion of haste
 f - 2 potions of curing {unknown}
 g - a potion of heal wounds {unknown}
 h - a potion of lignification {unknown}


   Skills:
 + Level 3.5 Fighting
 * Level 3.1 Axes
 + Level 3.5 Dodging
 + Level 3.5 Shields


You had 3 spell levels left.
You didn't know any spells.
Your spell library contained the following spells:

 Spells                   Type           Power      Damage    Failure   Level
 Animate Skeleton         Necr           0%         N/A       86%         1
 Apportation              Tloc           0%         N/A       86%         1
 Corona                   Hex            0%         N/A       86%         1
 Summon Small Mammal      Summ           0%         N/A       86%         1
 Call Imp                 Summ           0%         N/A       94%         2
 Call Canine Familiar     Summ           0%         N/A       99%         3
 Summon Guardian Golem    Hex/Summ       0%         N/A       99%         3
 Summon Ice Beast         Ice/Summ       0%         N/A       100%        4
 Summon Lightning Spire   Summ/Air       0%         N/A       100%        4


Dungeon Overview and Level Annotations

Branches:
Dungeon (4/15)
 Temple: D:4-7

Altars:
Dithmenos

Shops:
D:2 [


Innate Abilities, Weirdness & Mutations

You cannot wear most types of armour.
You are amphibious.
You can wear up to eight rings at the same time.
Your skin changes colour to match your surroundings (Stealth+).
Your rubbery body absorbs attacks. (AC +1, EV +1)
((You are camouflaged near water. (Stealth+)))
You have tentacles for arms and can constrict up to eight enemies at once.


Message History

Where to? (Enter - D:2, ? - help)
There is a stone staircase leading down here.
You climb downwards.
You hear the sound of rushing water.
There is an entrance to a sewer on this level.
Hurry and find it before the portal rusts away!
There is a stone staircase leading up here.
Okay, then.
Found a spear.
i - a scroll labelled CENWIAT LAFFULO
As you read the scroll labelled CENWIAT LAFFULO, it crumbles to dust.
It is a scroll of identify.
e - 2 potions of haste You see here a +0 spear.
You hear the slow rusting of a very distant drain.
An orc and an orc priest come into view.
Found 13 gold pieces.
An orc and 2 orc priests come into view.
The orc priest shouts!
The orc shouts!
The orc priest shouts!
The orc shouts!
The orc priest shouts!
The orc priest calls down the wrath of Beogh upon you.
Pain shoots through your body!
The orc priest casts a cantrip, but nothing happens.
You hit the orc. Your grab misses the orc.
The orc is lightly wounded.
The orc hits you with a +0 flail.
You slash the orc!
You kill the orc!
You barely miss the orc priest. You barely miss the orc.
The orc priest misses you. The orc hits you with a +0 mace.
The orc priest hits you with a +0 morningstar!
You block the orc's attack.
You are too injured to fight recklessly!
You are too injured to fight recklessly!
You feel yourself speed up.
The orc priest calls down the wrath of Beogh upon you.
Pain shoots through your body!
* * * LOW HITPOINT WARNING * * *
The orc priest miscasts a cantrip.
The orc hits you with a +0 mace!
You die...

######.# #<.....#
########
##################
#.................
#@################
......o)oo.....
....###o####### ##
#.# .$. #.# #.#
#.#


You could see 3 orc priests and an orc.

Vanquished Creatures
  Terence (D:2)
  A gnoll (D:1)
  A worm (D:2)
  2 orcs
  4 endoplasms
  4 goblins
  6 hobgoblins
  A quokka (D:1)
  6 ball pythons
  7 bats
  3 frilled lizards
  3 kobolds
  5 rats
44 creatures vanquished.

Notes
Turn   | Place    | Note
-------+----------+-------------------------------------------
     0 | D:1      | Ijustatesigmund the Octopode Fighter began the quest for
                  | the Orb.
     0 | D:1      | Reached XP level 1. HP: 16/16 MP: 1/1
   101 | D:1      | Reached XP level 2. HP: 16/21 MP: 2/2
   214 | D:1      | Found a faded altar of an unknown god.
   766 | D:1      | Reached XP level 3. HP: 25/26 MP: 3/3
  1178 | D:2      | Found Ateujext's Armour Boutique.
  1193 | D:2      | Noticed a phantom
  1239 | D:2      | Noticed Terence
  1248 | D:2      | Killed Terence
  1249 | D:2      | Reached XP level 4. HP: 27/31 MP: 4/4
  1785 | D:3      | Found a shadowy altar of Dithmenos.
  2106 | D:4      | Slain by an orc

Illustrated notes

Levels and vault maps discovered:
D:1:      kennysheep_arrival_seaside, layout_basic,
          hellmonk_ecumenical_altar_blasted
D:2:      layout_loops_ring, serial_shops, shop, uniq_sigmund, uniq_terence
D:3:      layout_basic, lemuel_round_altar
D:4:      layout_basic, nicolae_overflow_hidden_temple, gup_sewer_entry_glass,
          minmay_crystal_room

Skill      XL: |  1  2  3 |
---------------+----------+-----
Axes           | 3 |  3.1
Fighting       | |  3.5
Dodging        | |  3.5
Shields        | |  3.5

Action                   |  1- 3 |  4- 6 || total
-------------------------+-------+-------++-------
Melee: War axe           |    45 |    20 ||    65
       Constrict         |    10 |     4 ||    14
       Tentacles         |    10 |     4 ||    14
  Use: Scroll            |     1 |     3 ||     4
       Potion            |       |     1 ||     1
 Stab: Sleeping          |     5 |     2 ||     7
Armor: Skin              |     5 |     1 ||     6
Dodge: Dodged            |    16 |     8 ||    24
Block: Kite shield       |    17 |     6 ||    23

Table legend: (Time is in decaauts)
 A = Elapsed time spent in this place.
 B = Non-inter-level travel time spent in this place.
 C = Inter-level travel time spent in this place.
 D = Time resting spent in this place.
 E = Time spent auto-exploring this place.
 F = Levels seen in this place.
 G = Mean time per level.
                   A        B        C        D        E       F      G
               +--------+--------+--------+--------+--------+-----+--------+
         Total |   2146 |   2082 |     64 |    152 |   1498 |   4 |  536.5 |
       Dungeon |   2146 |   2082 |     64 |    152 |   1498 |   4 |  536.5 |
               +--------+--------+--------+--------+--------+-----+--------+

Top non-repeatable levels by time:
     D:1: 1201 daAuts
     D:3: 672 daAuts
     D:2: 196 daAuts
     D:4: 76 daAuts
